 Dungeon Crawl Stone Soup version 0.30-a0-723-gc1506a1cf0 (webtiles) character file.

Game seed: 394890028638336401

15525 beezmis the Arsonist (level 12, -1/103 HPs)
             Began as a Hill Orc Fire Elementalist on Jan 28, 2023.
             Was a Priest of Vehumet.
             Slain by a slime creature (14 damage)
             ... on level 12 of the Dungeon on Jan 29, 2023.
             The game lasted 01:02:08 (13917 turns).

beezmis the Arsonist (Hill Orc Fire Elementalist)  Turns: 13917, Time: 01:02:08

Health: -1/103     AC: 13    Str: 12    XL:     12   Next: 27%
Magic:  5/20       EV: 11    Int: 25    God:    Vehumet [***...]
Gold:   220        SH:  6    Dex: 17    Spells: 4/22 levels left

rFire   . . .      SeeInvis .    N - +4 war axe (freeze)
rCold   + . .      Faith    +    H - +0 buckler
rNeg    . . .      Spirit   .    m - +2 ring mail {rC+}
rPois   +          Reflect  .    (no helmet)
rElec   .          Harm     .    (no cloak)
rCorr   .          Rampage  +    k - +1 pair of gloves of the Gate {Will+ Slay+2}
Will    +....                    K - +1 pair of boots of the Hundredfold Runes {Rampage rPois rF- Dex+6}
Stlth   +                        e - amulet of faith
HPRegen 0.37/turn                r - +6 ring of intelligence
MPRegen 0.17/turn                D - ring of protection from fire

@: no status effects
A: no striking features
a: Renounce Religion


You were on level 12 of the Dungeon.
You worshipped Vehumet.
Vehumet was most pleased with you.
You visited 2 branches of the dungeon, and saw 13 of its levels.

You collected 732 gold pieces.
You spent 512 gold pieces at shops.

Inventory:

Hand Weapons
 c - a +6 hand axe
 d - a +0 war axe
 N - a +4 war axe of freezing (weapon)
 O - a +5 scimitar of flaming
Armour
 j - the +3 hat of Pondering {ponderous, Will+ MP+10 Int+5}
   (You took it off Gastronok on level 8 of the Dungeon)

   Int:       It affects your intelligence (+5).
   MP:        It affects your magic capacity (+10).
   Will:      It increases your willpower.
 k - the +1 pair of gloves of the Gate (worn) {Will+ Slay+2}
   (You bought it in a shop on level 1 of the Dungeon)

   Slay:      It affects your accuracy & damage with ranged weapons and melee
   (+2).
   Will:      It increases your willpower.
 m - a +2 ring mail of cold resistance (worn)
 u - a +0 kite shield of protection
 H - a +0 buckler (worn)
 K - the +1 pair of boots of the Hundredfold Runes (worn) {Rampage rPois rF- Dex+6}
   (You bought it in a shop on level 1 of the Dungeon)

   Dex:       It affects your dexterity (+6).
   rF:        It makes you vulnerable to fire.
   rPois:     It protects you from poison.
   Rampage:   It bestows one free step when moving towards enemies.
Jewellery
 e - an amulet of faith (around neck)
 r - a +6 ring of intelligence (left hand)
 D - a ring of protection from fire (right hand)
 F - an amulet of the acrobat
 P - a ring of see invisible
 Q - a ring of resist corrosion
Wands
 i - a wand of mindburst (3)
 v - a wand of paralysis (11)
 y - a wand of roots (2)
 I - a wand of digging (3)
 L - a wand of flame (32)
Scrolls
 a - a scroll of summoning
 f - 5 scrolls of teleportation
 g - 3 scrolls of fear {unknown}
 h - 2 scrolls of identify
 l - 2 scrolls of poison {unknown}
 o - a scroll of blinking
 p - a scroll of torment {unknown}
 q - 2 scrolls of fog
 w - 3 scrolls of silence
 x - 4 scrolls of immolation
 z - a scroll of enchant armour
 B - 2 scrolls of enchant weapon
 C - a scroll of vulnerability
 E - 2 scrolls of magic mapping {unknown}
Potions
 b - 3 potions of magic
 n - 2 potions of haste
 s - a potion of flight
 t - 2 potions of curing
 A - 2 potions of brilliance
 G - a potion of attraction {unknown}
 J - 2 potions of might
 M - a potion of mutation


   Skills:
 + Level 8.3 Fighting
 - Level 5.2 Long Blades
 + Level 6.3 Axes
 + Level 8.5 Armour
 + Level 2.9 Dodging
 - Level 2.1 Stealth
 - Level 6.4 Shields
 + Level 5.9 Spellcasting
 + Level 7.3 Conjurations
 - Level 1.8 Hexes
 - Level 1.4 Translocations
 + Level 8.6 Fire Magic
 - Level 2.0 Air Magic
 - Level 2.0 Poison Magic


You had 4 spell levels left.
You knew the following spells:

 Your Spells              Type           Power      Damage    Failure   Level
a - Foxfire               Conj/Fire      100%       2x1d9     1%          1
b - Scorch                Fire           100%       2d10      1%          2
c - Inner Flame           Hex/Fire       33%        N/A       1%          3
d - Kindle Blastsparks    Fire/Tloc/Air  54%        2d14      3%          3
e - Mephitic Cloud        Conj/Pois/Air  26%        N/A       3%          3
f - Flame Wave            Conj/Fire      47%        2d12      1%          4
g - Searing Ray           Conj           88%        2d7       1%          2

Your spell library contained the following spells:

 Spells                   Type           Power      Damage    Failure   Level
 Olgreb's Toxic Radiance  Pois           17%        N/A       21%         4
 Magic Dart               Conj           100%       1d8       1%          1
 Shock                    Conj/Air       100%       1d9       1%          1
 Momentum Strike          Conj/Tloc      58%        3d9       1%          2
 Poisonous Vapours        Pois/Air       34%        N/A       3%          2
 Fulminant Prism          Conj/Hex       15%        3d10      8%          4
 Cigotuvi's Dreadful Rot  Necr/Pois/Air  28%        N/A       17%         2
 Beastly Appendage        Tmut           14%        N/A       19%         1
 Airstrike                Air            8%         2d(2-18)  21%         4
 Swiftness                Air            17%        N/A       26%         3
 Call Imp                 Summ           7%         N/A       28%         2
 Wereblood                Tmut           7%         N/A       28%         2
 Gell's Gravitas          Tloc           14%        N/A       30%         3
 Teleport Other           Tloc           14%        N/A       30%         3
 Spider Form              Tmut/Pois      12%        N/A       36%         3
 Cause Fear               Hex            8%         N/A       65%         4
 Dispersal                Tloc           7%         N/A       100%        6
 Discord                  Hex            8%         N/A       100%        8
 Lehudib's Crystal Spear  Conj/Erth      12%        10d4      100%        8


Dungeon Overview and Level Annotations

Branches:
Dungeon (12/15)            Temple (1/1) D:6            Lair (0/5) D:11
    Orc (0/2) D:9

Altars:
Ashenzari
Cheibriados
Dithmenos
Elyvilon
Fedhas
Gozag
Hepliaklqana
Kikubaaqudgha
Makhleb
Nemelex Xobeh
Okawaru
Qazlal
Ru
Sif Muna
Trog
Uskayaw
Vehumet
Wu Jian
Xom
Yredelemnul
Zin
The Shining One

Shops:
D:1 ?[(   D:9 ([


Message History

(Press . to intensify the flame waves.)
The slime creature hits you!
You block the large slime creature's attack.
The slime creature hits you but does no damage.
A wave of flame ripples out!
The flame wave engulfs the large slime creature.
The large slime creature is severely wounded.
The flame wave engulfs the slime creature!
The slime creature is almost dead.
The flame wave engulfs the large slime creature!
The large slime creature is severely wounded.
The flame wave engulfs the slime creature!
You kill the slime creature!
Vehumet accepts your kill.
You feel your power returning.
A large slime creature splits.
The slime creature hits you!
The large slime creature hits you but does no damage.
A wave of flame ripples out!
The flame wave engulfs the large slime creature!
The large slime creature is almost dead.
The flame wave engulfs the slime creature!
You kill the slime creature!
Vehumet accepts your kill.
The flame wave engulfs the slime creature!
The slime creature is almost dead.
The flame wave engulfs the slime creature!
The slime creature is almost dead.
You finish channelling waves of flame.
The slime creature hits you!
The large slime creature closely misses you.
The slime creature barely misses you.
Casting: Flame Wave (mildly dangerous; 1% risk of failure)
Confirm with . or Enter, or press ? or * to list all spells.
Flames lash the large slime creature.
The large slime creature is almost dead.
The large slime creature's fire resistance burns away.
The slime creature completely misses you.
The large slime creature hits you!!
* * * LOW HITPOINT WARNING * * *
The slime creature hits you!
You die...

#..........#
#.........##
#.........#
#........## #
#######'## #.##
##.# ###...###
####..#
......JJ##
#....##
......J@.###.####
.......#..##.#
.......##.##.#
....... #.##.#
...([.. #..#.#
$...... ##†..#
.....?. #..###
....... #>...#
####)#


You could see a large slime creature (combustible) and 2 slime creatures.

Vanquished Creatures
  Gastronok (D:8)
  Erolcha (D:9)
  Erica (D:8)
  3 two-headed ogres
  The ghost of Lobster4 the Trooper, a novice HuWn of Vehumet (D:9)
  An ugly thing (D:12)
  Joseph (D:8)
  An unseen horror (D:12)
  A kobold demonologist (D:11)
  Maggie (D:7)
  3 trolls
  A hornet (D:10)
  Prince Ribbit (D:9)
  Grinder (D:3)
  2 slime creatures (D:12)
  2 shadows (D:10)
  A wraith (D:12)
  A vampire (D:10)
  21 yaks
  2 steam dragons
  2 vampire mosquitoes
  Menkaure (D:4)
  An acid dragon (D:11)
  An ice beast (D:8)
  4 orc warriors
  A sky beast (D:8)
  3 ogres
  5 centaurs
  2 phantoms
  Blork the orc (D:6)
  2 necrophages
  3 scorpions
  3 bullfrogs
  A gnoll sergeant (D:7)
  11 wights
  4 killer bees (D:11)
  6 howler monkeys
  2 jellies
  6 orc priests
  2 hounds
  An iguana (D:6)
  Terence (D:3)
  7 orc wizards
  4 gnolls (D:7)
  7 adders
  An ufetubus (D:6)
  A worm (D:5)
  2 dart slugs (D:1)
  28 orcs
  6 ball pythons
  6 bats
  5 endoplasms
  6 giant cockroaches
  7 goblins
  4 hobgoblins
  4 jackals (D:2)
  3 quokkas
  6 kobolds
  4 rats
211 creatures vanquished.

Vanquished Creatures (others)
  368 foxfires
368 creatures vanquished.

Grand Total: 579 creatures vanquished

Notes
Turn   | Place    | Note
-------+----------+-------------------------------------------
     0 | D:1      | beezmis the Hill Orc Fire Elementalist began the quest for
                  | the Orb.
     0 | D:1      | Reached XP level 1. HP: 14/14 MP: 3/3
    17 | D:1      | Found Nasuxze's Magic Scroll Shop.
   106 | D:1      | Reached XP level 2. HP: 22/22 MP: 2/4
   169 | D:1      | Found Saqawk's Antique Weapon Boutique.
   308 | D:1      | Reached skill level 1 in Fighting
   512 | D:1      | Found Mest's Antique Armour Emporium.
   735 | D:1      | Reached XP level 3. HP: 28/28 MP: 5/5
   774 | D:2      | Reached skill level 1 in Armour
  1540 | D:3      | Found a sacrificial altar of Ru.
  1759 | D:3      | Reached XP level 4. HP: 32/35 MP: 2/6
  2001 | D:3      | Noticed Grinder
  2289 | D:4      | Noticed a necrophage
  2346 | D:3      | Reached XP level 5. HP: 41/41 MP: 6/8
  2349 | D:3      | Learned a level 2 spell: Scorch
  2353 | D:3      | Learned a level 3 spell: Inner Flame
  2653 | D:4      | Noticed Menkaure
  2659 | D:4      | Killed Menkaure
  2660 | D:4      | Reached XP level 6. HP: 28/51 MP: 5/9
  2955 | D:5      | Entered Level 5 of the Dungeon
  2968 | D:5      | Reached XP level 7. HP: 57/57 MP: 4/10
  3305 | D:5      | Reached skill level 5 in Fire Magic
  3573 | D:4      | Learned a level 3 spell: Kindle Blastsparks
  3577 | D:4      | Learned a level 3 spell: Mephitic Cloud
  3821 | D:5      | Reached XP level 8. HP: 66/66 MP: 1/12
  4043 | D:5      | Reached skill level 1 in Hexes
  4043 | D:5      | Reached skill level 1 in Translocations
  4043 | D:5      | Reached skill level 1 in Poison Magic
  4220 | D:5      | Found an ancient bone altar of Kikubaaqudgha.
  4228 | D:5      | Reached skill level 1 in Air Magic
  4530 | D:6      | Found a staircase to the Ecumenical Temple.
  4538 | Temple   | Entered the Ecumenical Temple
  4545 | Temple   | Became a worshipper of Vehumet
  4933 | D:6      | Noticed Blork the orc
  4940 | D:6      | Got the Annotations on the Molten Barrage
  4950 | D:6      | Killed Blork the orc
  4951 | D:6      | Reached skill level 1 in Axes
  5110 | D:6      | Reached skill level 1 in Shields
  5459 | D:3      | Noticed Terence
  5478 | D:3      | Killed Terence
  5545 | D:3      | Killed Grinder
  5546 | D:3      | Reached skill level 5 in Fighting
  5814 | D:1      | Bought a pair of fine boots for 256 gold pieces
  5814 | D:1      | Identified the +1 pair of boots of the Hundredfold Runes
                  | {Rampage rPois rF- Dex+6} (You bought it in a shop on level
                  | 1 of the Dungeon)
  6006 | D:7      | Reached XP level 9. HP: 72/74 MP: 14/14
  6161 | D:7      | Reached * piety under Vehumet
  6161 | D:7      | Offered knowledge of Kiss of Death by Vehumet.
  6949 | D:7      | Noticed Maggie
  6975 | D:7      | Killed Maggie
  6976 | D:7      | Reached skill level 5 in Armour
  7532 | D:8      | Noticed Gastronok
  7537 | D:8      | Learned a level 4 spell: Flame Wave
  7756 | D:8      | Noticed Erica
  7770 | D:8      | Killed Erica
  7771 | D:8      | Reached skill level 5 in Shields
  7771 | D:8      | Reached skill level 5 in Conjurations
  7771 | D:8      | Reached XP level 10. HP: 61/83 MP: 2/16
  8397 | D:8      | Noticed Joseph
  8406 | D:8      | Killed Joseph
  8432 | D:8      | Reached skill level 1 in Long Blades
  8435 | D:8      | Offered knowledge of Static Discharge by Vehumet.
  8462 | D:8      | Reached ** piety under Vehumet
  8798 | D:9      | Found a runed translucent door.
  8798 | D:9      | Noticed Lobster4's ghost (novice HuWn)
  8859 | D:9      | Noticed a two-headed ogre
  8870 | D:9      | Killed a two-headed ogre
  8950 | D:9      | Found a bloodstained altar of Trog.
  9093 | D:9      | Found a staircase to the Orcish Mines.
  9095 | D:9      | Found Tuyvvif's Weapon Shoppe.
  9097 | D:9      | Found Ubaclok's Armour Shoppe.
  9099 | D:9      | Noticed Prince Ribbit
  9127 | D:9      | Killed Prince Ribbit
  9249 | D:9      | Found a hide-covered altar of Uskayaw.
  9471 | D:9      | Noticed Erolcha
  9500 | D:9      | Killed Erolcha
  9501 | D:9      | Reached skill level 5 in Spellcasting
  9501 | D:9      | Reached XP level 11. HP: 86/91 MP: 3/18
  9967 | D:9      | Killed Lobster4's ghost
 10236 | D:8      | Killed Gastronok
 11119 | D:1      | Bought a pair of ichor-stained gloves for 256 gold pieces
 11119 | D:1      | Identified the +1 pair of gloves of the Gate {Will+ Slay+2}
                  | (You bought it in a shop on level 1 of the Dungeon)
 11257 | D:10     | Entered Level 10 of the Dungeon
 11775 | D:10     | Offered knowledge of Searing Ray by Vehumet.
 11785 | D:10     | Learned a level 2 spell: Searing Ray
 11915 | D:10     | Reached skill level 5 in Axes
 12237 | D:11     | HP: 3/94 [something (8)]
 12531 | D:10     | Reached *** piety under Vehumet
 12934 | D:11     | Found a staircase to the Lair.
 13242 | D:11     | Reached XP level 12. HP: 101/101 MP: 14/20
 13488 | D:12     | Noticed a two-headed ogre
 13488 | D:12     | Noticed a two-headed ogre
 13496 | D:12     | Killed a two-headed ogre
 13497 | D:12     | Reached skill level 5 in Long Blades
 13499 | D:12     | Killed a two-headed ogre
 13777 | D:12     | Offered knowledge of Olgreb's Toxic Radiance by Vehumet.
 13917 | D:12     | Slain by a slime creature

Illustrated notes

Levels and vault maps discovered:
D:1:      dpeg_arrival_rooms_with_view, layout_basic, serial_shops,
          nicolae_shop_hallway_stairs, shop, shop_scrolls, kennysheep_doodads,
          chequers_serial_rivers_marsh
D:2:      layout_loops_cross
D:3:      layout_basic, pf_just_have_faith, chequers_serial_rivers_micro_a,
          serial_park_tiny_1, uniq_terence, uniq_grinder
D:4:      layout_loops_ring, fountainhead, uniq_menkaure
D:5:      layout_cave_pools, mainiacjoe_overflow_paths
D:6:      layout_loops_cross, minmay_temple_entry_glassed_door,
          uniq_blork_the_orc
D:7:      layout_loops_ring, uniq_maggie
D:8:      layout_layer_cave, minmay_misc_feat_square, uniq_erica,
          uniq_gastronok, uniq_joseph
D:9:      layout_basic, mainiacjoe_overflow_boulevard,
          mainiacjoe_overflow_alcove_2, orc_david_3,
          hellmonk_ghost_happy_afterlife, uniq_prince_ribbit1, uniq_erolcha
D:10:     layout_roguey
D:11:     layout_irregular_city, dpeg_oklobed_lair
D:12:     layout_basic
Temple:   nicolae_temple_no_exploring_needed

Skill      XL: |  1  2  3  4  5  6  7  8  9 10 11 12 |
---------------+-------------------------------------+-----
Fighting       | 1 2 3 4 5 6 8 |  8.3
Armour         | 1 2 3 4 5 7 8 |  8.5
Stealth        | 2 |  2.1
Dodging        | 2 |  2.9
Spellcasting   | 2 3 4 5 |  5.9
Fire Magic     | 4 5 6 7 8 |  8.6
Conjurations   | 2 3 4 5 6 7 |  7.3
Hexes          | 1 |  1.8
Translocations | 1 |  1.4
Poison Magic   | 1 2 |  2.0
Air Magic      | 1 2 |  2.0
Axes           | 1 4 5 6 |  6.3
Shields        | 2 5 6 |  6.4
Long Blades    | 3 4 5 |  5.2

Action                     |  1- 3 |  4- 6 |  7- 9 | 10-12 || total
---------------------------+-------+-------+-------+-------++-------
  Melee: Rapier            |   100 |    48 |   140 |       ||   288
         Punch             |     1 |       |     2 |       ||     3
         Scimitar          |       |       |    13 |    43 ||    56
         Hand axe          |       |       |       |    28 ||    28
         War axe           |       |       |       |   138 ||   138
   Cast: Foxfire           |    16 |    33 |   115 |    59 ||   223
         Scorch            |       |     1 |    72 |    52 ||   125
         Mephitic Cloud    |       |       |     3 |    24 ||    27
         Kindle Blastspark |       |       |       |     4 ||     4
         Searing Ray       |       |       |       |     2 ||     2
         Flame Wave        |       |       |       |     4 ||     4
  Evoke: Wand              |       |       |    10 |     7 ||    17
    Use: Potion            |       |       |     1 |     6 ||     7
         Scroll            |       |       |       |    20 ||    20
   Stab: Sleeping          |     7 |     3 |     1 |       ||    11
         Paralysed         |       |       |    15 |       ||    15
         Confused          |       |       |     1 |    28 ||    29
 Armour: Leather armour    |    46 |    27 |    15 |       ||    88
         Ring mail         |       |       |    61 |    69 ||   130
         Skin              |       |       |       |    15 ||    15
  Dodge: Dodged            |    63 |    36 |   126 |    95 ||   320
  Block: Buckler           |       |       |       |    68 ||    68

Table legend: (Time is in decaauts)
 A = Elapsed time spent in this place.
 B = Non-inter-level travel time spent in this place.
 C = Inter-level travel time spent in this place.
 D = Time resting spent in this place.
 E = Time spent auto-exploring this place.
 F = Levels seen in this place.
 G = Mean time per level.
                   A        B        C        D        E       F      G
               +--------+--------+--------+--------+--------+-----+--------+
         Total |  14092 |  13352 |    740 |   3048 |   7703 |  13 | 1084.0 |
       Dungeon |  14077 |  13337 |    740 |   3048 |   7703 |  12 | 1173.1 |
        Temple |     14 |     14 |      0 |      0 |      0 |   1 |   14.0 |
               +--------+--------+--------+--------+--------+-----+--------+

Top non-repeatable levels by time:
     D:9: 1801 daAuts
     D:7: 1690 daAuts
     D:8: 1623 daAuts
    D:10: 1372 daAuts
     D:4: 1312 daAuts
     D:5: 1245 daAuts
     D:6: 1114 daAuts
     D:3: 1059 daAuts
    D:11: 859 daAuts
     D:1: 802 daAuts
     D:2: 761 daAuts
    D:12: 435 daAuts
  Temple: 14 daAuts
